 Dungeon Crawl Stone Soup version 0.26-a0-651-gb41185065b (webtiles) character file.

Game seed: 9835347393753738187

(classic levelgen) 851 EnegeticOcto the Chopper (level 7, -10/66 HPs)
             Began as a Deep Dwarf Fighter on Oct 21, 2020.
             Mangled by a two-headed ogre
             ... wielding a +0 giant spiked club
              (22 damage)
             ... on level 6 of the Dungeon.
             The game lasted 00:01:10 (1210 turns).

EnegeticOcto the Chopper (Deep Dwarf Fighter)       Turns: 1210, Time: 00:01:10

Health: -10/66     AC:  0    Str: 22    XL:     7   Next: 69%
Magic:  2/2        EV:  7    Int:  8    God:
Gold:   103        SH: 10    Dex: 12    Spells: 6/6 levels left

rFire    . . .     SeeInvis .   a - +0 war axe
rCold    . . .     Faith    .   c - +0 kite shield
rNeg     . . .     Spirit   .   b - +0 scale mail
rPois    .         Reflect  .   h - +0 helmet
rElec    .         Harm     .   (no cloak)
rCorr    .         Rampage  .   (no gloves)
MR       +....                  (no boots)
Stlth    ..........             o - amulet of the acrobat
HPRegen  0.00/turn              (no ring)
MPRegen  0.08/turn              (no ring)

@: corroded, non-regenerating
A: damage resistance, heal wounds, sense surroundings 1, no regeneration
a: Heal Wounds


You were on level 6 of the Dungeon.
You visited 1 branch of the dungeon, and saw 6 of its levels.

You collected 103 gold pieces.

Inventory:

Hand Weapons
 a - a +0 war axe (weapon)
Armour
 b - a +0 scale mail (worn)
 c - a +0 kite shield (worn)
 h - a +0 helmet (worn)
Jewellery
 o - an amulet of the acrobat (around neck)
Scrolls
 f - a scroll of remove curse {unknown}
 g - 2 scrolls of enchant armour {unknown}
 i - a scroll of random uselessness {unknown}
 j - a scroll of enchant weapon {unknown}
 k - 3 scrolls of identify {unknown}
 m - a scroll of teleportation {unknown}
 n - 3 scrolls of brand weapon {unknown}
Potions
 d - a potion of might {@q3}
 e - 4 potions of heal wounds {unknown}
 l - 2 potions of flight {unknown}


   Skills:
 + Level 4.4 Fighting
 * Level 6.3 Axes
 + Level 5.3 Armour
 + Level 5.3 Shields


You had 6 spell levels left.
You didn't know any spells.
Your spell library was empty.

Dungeon Overview and Level Annotations

Branches:
Dungeon (6/15)
 Temple: D:4-7

Altars:
The Shining One


Innate Abilities, Weirdness & Mutations

You are resistant to damage.
You can heal yourself by infusing magical energy.
You passively map a small area around you.
You do not regenerate.


Message History

The jelly barely misses you.
The two-headed ogre hits you with a +0 giant spiked club!
The two-headed ogre hits you with a +0 dire flail.
You slash the two-headed ogre!
The two-headed ogre is severely wounded.
You hit the jelly.
Your hands burn!
The jelly hits you but does no damage.
The two-headed ogre hits you with a +0 giant spiked club.
You block the two-headed ogre's attack. You block the jelly's attack.
You hit the jelly but do no damage.
Your hands burn!
The jelly is almost dead.
You hit the two-headed ogre. You block the two-headed ogre's attack.
The two-headed ogre hits you with a +0 dire flail!
You block the jelly's attack.
You barely miss the jelly.
The jelly is almost dead.
You completely miss the two-headed ogre.
The jelly hits you.
You are splashed with acid!
You block the two-headed ogre's attack.
The two-headed ogre hits you with a +0 dire flail!
You hit the jelly but do no damage.
Your hands burn!
The jelly is almost dead.
You hit the two-headed ogre but do no damage.
You block the jelly's attack. The two-headed ogre barely misses you.
You block the two-headed ogre's attack. The jelly hits you but does no damage.
You completely miss the jelly.
The jelly is almost dead.
You hit the two-headed ogre but do no damage.
The two-headed ogre hits you with a +0 giant spiked club!
* * * LOW HITPOINT WARNING * * *
The two-headed ogre barely misses you. The jelly hits you but does no damage.
You are too injured to fight recklessly!
You are too injured to fight recklessly!
You are too injured to fight recklessly!
You are too injured to fight recklessly!
You are too injured to fight recklessly!
You are too injured to fight recklessly!
You are too injured to fight recklessly!
You are too injured to fight recklessly!
You are too injured to fight recklessly!
You are too injured to fight recklessly!
You are too injured to fight recklessly!
You are too injured to fight recklessly!
You are too injured to fight recklessly!
You are too injured to fight recklessly!
You are too injured to fight recklessly!
You feel much better. The two-headed ogre barely misses you.
You block the two-headed ogre's attack. The jelly hits you but does no damage.
You feel much better. The jelly hits you but does no damage.
You block the two-headed ogre's attack.
The two-headed ogre hits you with a +0 dire flail!
You hit the jelly. The acid corrodes you!
Your hands burn!
The jelly is almost dead.
You completely miss the two-headed ogre.
The jelly hits you.
You are splashed with acid!
You block the two-headed ogre's attack. x2
You hit the jelly but do no damage.
Your hands burn!
The jelly is almost dead.
You hit the two-headed ogre but do no damage.
The jelly hits you.
You are splashed with acid!
You block the two-headed ogre's attack.
The two-headed ogre hits you with a +0 dire flail.
You hit the jelly.
You kill the jelly!
Your shield and scale mail prevent you from hitting the two-headed ogre.
The two-headed ogre barely misses you.
The two-headed ogre hits you with a +0 dire flail!
You hit the two-headed ogre but do no damage.
The two-headed ogre is severely wounded.
The two-headed ogre hits you with a +0 giant spiked club!
* * * LOW HITPOINT WARNING * * *
The two-headed ogre hits you with a +0 dire flail!
* * * LOW HITPOINT WARNING * * *
You are too injured to fight recklessly!
You are too injured to fight recklessly!
You are too injured to fight recklessly!
You are too injured to fight recklessly!
You are too injured to fight recklessly!
You are too injured to fight recklessly!
You are too injured to fight recklessly!
You are too injured to fight recklessly!
You are too injured to fight recklessly!
You are too injured to fight recklessly!
You feel much better.
You fail to use your ability.
You block the two-headed ogre's attack. The two-headed ogre barely misses you.
You fail to use your ability.
The two-headed ogre hits you with a +0 giant spiked club!
You block the two-headed ogre's attack.
You feel much better.
The two-headed ogre hits you with a +0 giant spiked club!!
You block the two-headed ogre's attack.
You slash the two-headed ogre!
The two-headed ogre is almost dead.
The two-headed ogre barely misses you.
The two-headed ogre hits you with a +0 dire flail!
* * * LOW HITPOINT WARNING * * *
You hit the two-headed ogre.
The two-headed ogre is almost dead.
The two-headed ogre hits you with a +0 giant spiked club!!
You die...

#.........# #..>......#
################.........#
.........................#
################.........#
##..........#
#...........#
#...........#
#..@.......## #.O........#
#$.........# ##........##
*..........# ,
#..........# , #..........
* #.......... * *
#).........


You could see a two-headed ogre.

Vanquished Creatures
  Menkaure (D:5)
  2 ice beasts (D:5)
  A centaur (D:5)
  A scorpion (D:5)
  2 hounds (D:4)
  A jelly (D:6)
  2 orc priests (D:3)
  3 worker ants
  2 hound skeletons
  Robin (D:3)
  3 gnolls (D:5)
  6 adders
  2 shadow imps (D:5)
  2 ufetubi (D:5)
  3 worms
  4 leopard geckos
  4 orcs (D:3)
  2 giant cockroaches
  8 goblins
  4 hobgoblins (D:3)
  2 jackals (D:5)
  2 quokkas
  A bat (D:1)
  A frilled lizard (D:5)
  2 kobolds
  2 leopard gecko skeletons
  A leopard gecko zombie (D:6)
  A quokka skeleton (D:4)
66 creatures vanquished.

Notes
Turn   | Place    | Note
-------+----------+-------------------------------------------
     0 | D:1      | EnegeticOcto the Deep Dwarf Fighter began the quest for the
                  | Orb.
     0 | D:1      | Reached XP level 1. HP: 20/20 MP: 1/1
    60 | D:2      | Reached XP level 2. HP: 21/27 MP: 2/2
   147 | D:3      | Reached skill level 3 in Axes
   150 | D:3      | Reached XP level 3. HP: 28/34 MP: 3/3
   154 | D:3      | Reached XP level 4. HP: 20/42 MP: 4/4
   165 | D:3      | Noticed Robin
   191 | D:3      | Killed Robin
   237 | D:4      | Reached skill level 4 in Axes
   237 | D:4      | Reached XP level 5. HP: 22/49 MP: 5/5
   612 | D:4      | Reached XP level 6. HP: 47/56 MP: 6/6
   715 | D:5      | Entered Level 5 of the Dungeon
   751 | D:5      | Reached skill level 5 in Axes
   770 | D:5      | Noticed an ice beast
   778 | D:5      | Killed an ice beast
   778 | D:5      | Reached XP level 7. HP: 27/64 MP: 7/7
   830 | D:5      | Noticed Menkaure
   846 | D:5      | Killed Menkaure
   846 | D:5      | Reached skill level 5 in Armour
   846 | D:5      | Reached skill level 5 in Shields
   920 | D:5      | Reached skill level 6 in Axes
   929 | D:5      | Found a glowing golden altar of the Shining One.
  1170 | D:6      | Noticed a two-headed ogre
  1204 | D:6      | HP: 3/66 [two-headed ogre/+0 giant spiked club (11)]
  1210 | D:6      | Mangled by a two-headed ogre

Illustrated notes

Levels and vault maps discovered:
D:1:      minmay_arrival_jagged, layout_basic, minmay_misc_feat_cross,
          minmay_tetromino_i2
D:2:      layout_rooms, nicolae_qazlal_style_of_elements, lemuel_crystal_altar,
          kennysheep_nondescript
D:3:      layout_basic, zin_scriptorium, uniq_robin
D:4:      layout_basic
D:5:      layout_rooms, kennysheep_mini, uniq_menkaure
D:6:      layout_rooms, uniq_duvessa, uniq_blork_the_orc

Skill      XL: |  1  2  3  4  5  6  7 |
---------------+----------------------+-----
Axes           | 3 4 5 6 |  6.3
Fighting       | 3 4 |  4.4
Armour         | 4 5 |  5.3
Shields        | 4 5 |  5.3

Action                   |  1- 3 |  4- 6 |  7- 9 || total
-------------------------+-------+-------+-------++-------
Melee: War axe           |    52 |   117 |    65 ||   234
 Abil: Heal Wounds       |     1 |     5 |    17 ||    23
Armor: Scale mail        |    26 |    68 |    32 ||   126
Dodge: Dodged            |    20 |    49 |    35 ||   104
Block: Kite shield       |    18 |    93 |    61 ||   172

Table legend: (Time is in decaauts)
 A = Elapsed time spent in this place.
 B = Non-inter-level travel time spent in this place.
 C = Inter-level travel time spent in this place.
 D = Time resting spent in this place.
 E = Time spent auto-exploring this place.
 F = Levels seen in this place.
 G = Mean time per level.
                   A        B        C        D        E       F      G
               +--------+--------+--------+--------+--------+-----+--------+
         Total |   1289 |   1235 |     54 |      0 |    730 |   6 |  214.8 |
       Dungeon |   1289 |   1235 |     54 |      0 |    730 |   6 |  214.8 |
               +--------+--------+--------+--------+--------+-----+--------+

Top non-repeatable levels by time:
     D:4: 503 daAuts
     D:5: 439 daAuts
     D:3: 144 daAuts
     D:6: 84 daAuts
     D:2: 73 daAuts
     D:1: 43 daAuts
